 Dungeon Crawl Stone Soup version 0.28.0-45-g0d030f2227 (webtiles) character file.

Game seed: 17123719631962722117

764 protoss039 the Skirmisher (level 7, -17/55 HPs)
             Began as a Demonspawn Earth Elementalist on May 23, 2022.
             Demolished by a two-headed ogre
             ... wielding a +0 giant club
              (24 damage)
             ... on level 5 of the Dungeon.
             The game lasted 00:07:33 (7313 turns).

protoss039 the Skirmisher (DsEE)                    Turns: 7313, Time: 00:07:35

Health: -17/55     AC:  4    Str:  8    XL:     7   Next: 51%
Magic:  11/12      EV: 11    Int: 19    God:
Gold:   213        SH:  0    Dex: 13    Spells: 7/13 levels left

rFire   . . .      SeeInvis .   o - +2 dagger (venom)
rCold   . . .      Faith    .   (no shield)
rNeg    . . .      Spirit   .   n - +0 leather armour
rPois   .          Reflect  .   (helmet restricted)
rElec   .          Harm     .   q - +0 cloak
rCorr   .          Rampage  .   (no gloves)
Will    .....                   (no boots)
Stlth   ++........              (no amulet)
HPRegen 0.18/turn               e - ring of flight
MPRegen 0.13/turn               (no ring)

@: mighty, flying, very slightly contaminated
A: antennae 1, powered by pain 1, demonic magic 1
a: no special abilities


You were on level 5 of the Dungeon.
You visited 2 branches of the dungeon, and saw 6 of its levels.

You collected 213 gold pieces.

Inventory:

Hand Weapons
 o - a +2 dagger of venom (weapon)
Missiles
 c - 147 stones
 s - 4 silver boomerangs
Armour
 n - a +0 leather armour (worn)
 q - a +0 cloak (worn)
Jewellery
 e - a ring of flight (left hand)
Scrolls
 b - 2 scrolls of noise {unknown}
 f - a scroll of torment {unknown}
 g - 3 scrolls of identify {unknown}
 i - 2 scrolls of fear {unknown}
 j - a scroll of immolation {unknown}
 p - a scroll of amnesia {unknown}
 r - a scroll of teleportation {unknown}
Potions
 a - a potion of haste {unknown}
 d - 3 potions of brilliance {unknown}
 h - 2 potions of curing {unknown}
 k - 2 potions of attraction {unknown}
 l - a potion of magic {unknown}
 m - 2 potions of mutation {unknown}
 t - a potion of heal wounds {unknown}


   Skills:
 * Level 4.7 Fighting
 + Level 2.8 Armour
 - Level 1.7 Dodging
 - Level 1.7 Stealth
 + Level 3.5 Spellcasting
 + Level 2.9 Conjurations
 - Level 1.0 Transmutations
 + Level 4.1 Earth Magic


You had 7 spell levels left.
You knew the following spells:

 Your Spells              Type           Power      Damage    Failure   Level
a - Sandblast             Erth           38%        2d10      3%          1
b - Passwall              Tmut/Erth      10%        N/A       11%         2
c - Stone Arrow           Conj/Erth      32%        3d9       14%         3

Your spell library contained the following spells:

 Spells                   Type           Power      Damage    Failure   Level
 Petrify                  Tmut/Erth      13%        N/A       56%         4


Dungeon Overview and Level Annotations

Branches:
Dungeon (5/15)             Temple (1/1) D:5

Altars:
Ashenzari
Elyvilon
Fedhas
Gozag
Hepliaklqana
Kikubaaqudgha
Makhleb
Nemelex Xobeh
Qazlal
Ru
Sif Muna
Trog
Wu Jian
Xom
Yredelemnul
Zin
The Shining One


Innate Abilities, Weirdness & Mutations

You have a pair of small antennae on your head.
You sometimes gain a little power by taking damage.
Spells you cast may paralyse adjacent enemies.


Message History

Unknown command.
Unknown command.
The helpless two-headed ogre fails to defend itself.
You hit the two-headed ogre.
The two-headed ogre is poisoned.
The two-headed ogre is moderately wounded.
Unknown command.
Unknown command.
The helpless two-headed ogre fails to defend itself.
You hit the two-headed ogre.
The two-headed ogre is moderately wounded.
The two-headed ogre is no longer paralysed.
The two-headed ogre hits you with a +0 giant club!!
You focus on the pain.
You feel your power returning.
The two-headed ogre hits you with a +0 giant spiked club.
Unknown command.
Unknown command.
Casting: Sandblast (safe; 3% risk of failure)
Confirm with . or Enter, or press ? or * to list all spells.
Aiming: Sandblast (safe; 3% risk of failure)
Press: ? - help, Shift-Dir - straight line, f/p - two-headed ogre
Aim: a two-headed ogre, wielding a +0 giant club and a +0 giant spiked club (moderately wounded, very poisoned, 90% to hit)
You miscast Sandblast.
You are very lightly contaminated with residual magic.
Nothing appears to happen.
The two-headed ogre hits you with a +0 giant club!
You focus on the pain.
You feel your power returning.
The two-headed ogre hits you with a +0 giant spiked club!
* * * LOW HITPOINT WARNING * * *
You focus on the pain.
You feel very mighty all of a sudden.
Casting: Sandblast (safe; 3% risk of failure)
Confirm with . or Enter, or press ? or * to list all spells.
Aiming: Sandblast (safe; 3% risk of failure)
Press: ? - help, Shift-Dir - straight line, f/p - two-headed ogre
Aim: a two-headed ogre, wielding a +0 giant club and a +0 giant spiked club (moderately wounded, very poisoned, 90% to hit)
The blast of sand hits the two-headed ogre.
The two-headed ogre is heavily wounded.
Malevolent energies surge around you.
The two-headed ogre hits you with a +0 giant club!!
You die...

##P#...#P....
#....>....##.
#.P#...#P###.
#..##.#### ##
# ##.#P.P# #.
##...#.##
#.###
#..#...####
#.O.#
#.###.....#
#@#
#..#..###.#
#.# #...## .#
#.# #..## .#
#.# #.## .#
#(# #. .#
##.# #. .#
#..# #. .#
#.## #. #.#
#.


You could see a two-headed ogre (very poisoned).

Vanquished Creatures
  An ogre (D:5)
  A bullfrog (D:5)
  A scorpion (D:5)
  2 water moccasin zombies
  3 killer bees (D:4)
  A water moccasin skeleton (D:5)
  A hound (D:5)
  2 scorpion zombies (D:5)
  A hound skeleton (D:4)
  Robin (D:3)
  8 adders
  An ufetubus (D:5)
  3 worms (D:2)
  4 dart slugs
  2 orcs
  2 ball pythons
  3 bats
  7 endoplasms
  2 giant cockroaches (D:1)
  8 goblins
  12 hobgoblins
  4 jackals (D:2)
  6 kobolds
  4 frilled lizards
  11 rats
91 creatures vanquished.

Notes
Turn   | Place    | Note
-------+----------+-------------------------------------------
     0 | D:1      | protoss039 the Demonspawn Earth Elementalist began the
                  | quest for the Orb.
     0 | D:1      | Reached XP level 1. HP: 13/13 MP: 3/3
    42 | D:1      | Reached skill level 1 in Transmutations
   417 | D:1      | Gained mutation: You have a pair of small antennae on your
                  | head. [demonic ancestry]
   417 | D:1      | Reached XP level 2. HP: 19/20 MP: 3/5
   429 | D:1      | Reached skill level 1 in Fighting
  1197 | D:2      | Gained mutation: Spells you cast may paralyse adjacent
                  | enemies. [demonic ancestry]
  1197 | D:2      | Reached XP level 3. HP: 23/26 MP: 6/6
  1349 | D:2      | Reached skill level 1 in Armour
  2252 | D:2      | Reached XP level 4. HP: 25/33 MP: 7/7
  2537 | D:2      | Learned a level 2 spell: Passwall
  2541 | D:2      | Learned a level 3 spell: Stone Arrow
  2809 | D:3      | Found a faded altar of an unknown god.
  2984 | D:3      | Reached XP level 5. HP: 27/40 MP: 3/9
  3907 | D:4      | Reached skill level 1 in Conjurations
  3985 | D:4      | Noticed Robin
  4295 | D:3      | HP: 2/41 [Robin/+0 trident (2)]
  4296 | D:3      | Killed Robin
  5943 | D:4      | Reached XP level 6. HP: 38/47 MP: 6/10
  6080 | D:5      | Entered Level 5 of the Dungeon
  6273 | D:5      | Found a shimmering blue altar of Sif Muna.
  6520 | D:5      | Gained mutation: You sometimes gain a little power by
                  | taking damage. [demonic ancestry]
  6520 | D:5      | Reached XP level 7. HP: 31/54 MP: 9/11
  6718 | D:5      | Found a staircase to the Ecumenical Temple.
  6737 | Temple   | Entered the Ecumenical Temple
  7306 | D:5      | Noticed a two-headed ogre
  7313 | D:5      | Demolished by a two-headed ogre

Illustrated notes

Levels and vault maps discovered:
D:1:      lemuel_arrival_rhombus, layout_basic, serial_aquarium,
          aquarium_bridge_square [aquarium_subvault_balcony,
          aquarium_subvault_bridge, aquarium_subvault_window,
          aquarium_subvault_window], aquarium_window_3, aquarium_window_1,
          aquarium_window_fake, aquarium_window_fake, aquarium_view_2e,
          aquarium_view_2c, aquarium_balcony_double_1, minmay_tromino_i2
D:2:      layout_basic, minmay_cut_off
D:3:      layout_loops_ring, ebering_ecumenical_altar_petrified,
          chequers_serial_rivers_small_3, amcnicky_mini_corridor_feature,
          nrook_campfire
D:4:      layout_basic, lightli_corner_chamber, uniq_robin
D:5:      layout_loops_ring, nicolae_sif_muna_condensation,
          minmay_temple_entry_gardened_gates
Temple:   regret_index_temple_sphere_string

Skill      XL: |  1  2  3  4  5  6  7 |
---------------+----------------------+-----
Transmutations | 1 |  1.0
Fighting       | 1 2 3 4 |  4.7
Armour         | 1 2 |  2.8
Earth Magic    | 3 4 |  4.1
Conjurations   | 1 2 |  2.9
Spellcasting   | 3 |  3.5
Dodging        | |  1.7
Stealth        | |  1.7

Action                   |  1- 3 |  4- 6 |  7- 9 || total
-------------------------+-------+-------+-------++-------
Melee: Unarmed           |     3 |       |       ||     3
       Short sword       |    78 |       |       ||    78
       Whip              |    27 |    83 |       ||   110
       Punch             |       |     2 |       ||     2
       Dagger            |       |    65 |    18 ||    83
 Cast: Sandblast         |    15 |    29 |     3 ||    47
       Passwall          |       |     3 |       ||     3
       Stone Arrow       |       |     6 |     8 ||    14
 Stab: Sleeping          |     4 |     1 |       ||     5
       Paralysed         |     3 |    10 |     8 ||    21
Armor: Robe              |    14 |    16 |       ||    30
       Leather armour    |       |    19 |     1 ||    20
Dodge: Dodged            |    67 |   105 |     7 ||   179
